Map: Prion Terraces

Players

Serral - Winner!

  • Race: Zerg Zerg
  • League: Grandmaster

Protosser

  • Race: Zerg Zerg
  • League: Grandmaster

Event: DreamHack ZOWIE Open Leipzig

VOD

Have the link to the VOD?

Description

Time

  • Played on: Jan. 22, 2016, 9:57 a.m.
  • Length: 11:03

All games in this series

Show
View Real Time Build Order
Export as new Build Order

Serral Zerg - Winner!

Build Orders: Pool First, Zergling Baneling 

Get SALT Encoding   

  12  0:00  Drone  
  13  0:12  Overlord  
  13  0:17  Drone  
  14  0:30  Drone  
  14  0:32  Drone  
  14  0:35  Drone  
  17  0:39  Extractor  
  16  0:45  Drone  
  17  0:50  Spawning Pool  
  17  0:56  Drone  
  17  1:06  Drone  
  18  1:17  Drone  
  19  1:23  Hatchery  
  18  1:36  Queen  
  20  1:40  Metabolic Boost  
  20  1:44  Drone  
  21  1:53  Overlord  
  21  2:01  Baneling Nest, Zergling x2  
  21  2:11  Zergling x2  
  21  2:14  Queen  
  24  2:24  Zergling x2  
  25  2:33  Zergling x2  
  25  2:36  Zergling x2  
  27  2:45  Zergling x6  
  27  2:46  Baneling x2  
  27  2:49  Overlord  
  30  2:56  Zergling x2  
  32  2:58  Zergling x2  
  30  3:15  Zergling x4  
  26  3:21  Queen  
  26  3:23  Baneling x2  
  26  3:26  Zergling x6  
  31  3:27  Zergling x4  
  32  3:40  Drone x2  
  31  3:41  Zergling x2  
  31  3:43  Baneling  
  31  3:44  Baneling  
  31  3:57  Drone x2  
  31  4:02  Baneling x2  
  32  4:04  Zergling x4  
  34  4:14  Drone x3  
  37  4:17  Baneling  
  37  4:21  Overlord  
  37  4:27  Overlord  
  35  4:36  Zergling x6  
  35  4:37  Baneling x2  
  38  4:39  Drone  
  38  4:45  Drone x2  
  40  4:48  Drone  
  40  4:57  Drone  
  40  4:58  Drone  
  42  5:00  Baneling x2  
  42  5:05  Drone  
  42  5:06  Drone  
  44  5:10  Drone x2  
  44  5:11  Baneling x2  
  45  5:18  Overlord  
  45  5:20  Drone x2  
  46  5:34  Roach Warren  
  40  5:40  Zergling x12  
  44  5:45  Queen  
  44  5:49  Zergling x6  
  47  5:51  Baneling x2  
  47  5:52  Baneling  
  47  5:53  Baneling  
  47  5:58  Baneling  
  47  5:59  Drone x3  
  47  6:03  Overlord  
  50  6:04  Extractor  
  49  6:16  Drone x3  
  50  6:19  Drone  
  50  6:25  Drone x2  
  49  6:35  Baneling x2  
  49  6:39  Roach x2  
  43  6:40  Roach x2  
  42  6:49  Zergling x2  
  42  6:50  Zergling x6  
  41  7:05  Roach  
  41  7:07  Zergling x6, Baneling  
  46  7:18  Baneling  
  46  7:19  Baneling  
  46  7:21  Zergling x4  
  48  7:25  Baneling x2  
  48  7:32  Roach x2  
  52  7:39  Queen x2  
  52  7:42  Overlord  
  56  7:50  Roach x3  
  62  7:57  Roach  
  59  8:06  Drone  
  56  8:13  Roach  
  58  8:23  Zergling x4  
  59  8:31  Evolution Chamber  
  59  8:33  Drone x2  
  60  8:40  Drone  
  61  8:43  Drone  
  60  8:49  Drone  
  60  8:50  Drone  
  60  8:51  Drone x2  
  60  8:52  Drone  
  60  8:53  Drone x2  
  66  8:58  Zerg Missile Weapons Level 1, Drone  
  66  9:01  Drone  
  68  9:03  Extractor  
  68  9:06  Ravager x2  
  68  9:07  Roach  
  69  9:11  Roach  
  70  9:22  Roach x2  
  70  9:23  Roach  
  66  9:34  Roach x3  
  66  9:38  Ravager  
  69  9:44  Roach  
  68  9:54  Roach x2  
  68  9:57  Queen  
  68  9:59  Spine Crawler  
  75  10:03  Roach, Zergling x2  
  75  10:04  Roach x3, Zergling x4  
  82  10:20  Ravager  
  83  10:31  Ravager  
  83  10:34  Hatchery, Drone  
  84  10:37  Overlord  
  84  10:40  Overlord  
Show
View Real Time Build Order
Export as new Build Order

Protosser Zerg 

Build Orders: Pool First, Zergling Baneling 

Get SALT Encoding   

  12  0:00  Drone  
  13  0:12  Overlord  
  13  0:17  Drone  
  14  0:31  Drone x2  
  14  0:34  Drone  
  17  0:39  Extractor  
  16  0:45  Spawning Pool  
  15  0:50  Drone  
  15  0:56  Drone  
  17  1:06  Drone  
  18  1:21  Hatchery  
  17  1:26  Drone  
  18  1:35  Queen  
  20  1:41  Metabolic Boost  
  20  1:45  Drone  
  21  1:52  Overlord  
  21  1:57  Zergling x2  
  22  2:04  Baneling Nest  
  21  2:15  Queen  
  21  2:16  Zergling x2  
  21  2:20  Zergling x2  
  25  2:26  Zergling x2  
  26  2:33  Zergling x2  
  27  2:37  Zergling x2  
  27  2:44  Zergling x4  
  30  2:48  Baneling x2  
  30  2:51  Overlord  
  30  2:56  Zergling x2  
  31  3:06  Zergling x6  
  31  3:22  Zergling x12  
  35  3:30  Baneling  
  35  3:39  Zergling x2  
  35  3:40  Zergling x8  
  38  3:42  Baneling  
  38  3:47  Zergling x4  
  38  4:02  Baneling x3  
  37  4:13  Drone x2  
  37  4:14  Zergling x6  
  37  4:15  Zergling x4  
  44  4:27  Baneling  
  44  4:28  Baneling x2  
  42  4:42  Zergling x2  
  39  4:46  Zergling x10  
  39  4:52  Zergling x4  
  42  4:53  Zergling x2  
  42  4:54  Overlord x3  
  42  4:56  Baneling x2  
  40  5:11  Baneling  
  39  5:15  Zergling x16  
  44  5:35  Zergling x8  
  33  5:43  Zergling x4  
  33  5:47  Zergling x12  
  38  5:55  Baneling x3  
  38  5:56  Baneling  
  38  5:58  Zergling x4  
  40  6:08  Zergling x4  
  36  6:38  Zergling x4  
  36  6:39  Zergling x12  
  35  6:49  Zergling x12  
  37  6:54  Zergling x2  
  37  7:10  Baneling x3  
  37  7:11  Baneling  
  37  7:14  Drone x3  
  37  7:15  Drone  
  41  7:18  Roach Warren  
  40  7:29  Drone x3  
  43  7:39  Baneling x2  
  30  8:13  Roach x5  
  30  8:14  Roach x4  
  30  8:15  Queen  
  30  8:16  Drone x3  
  53  8:29  Roach x2  
  57  8:39  Roach  
  56  8:54  Zergling x14  
  63  8:56  Zergling x2  
  63  9:00  Zergling x2  
  65  9:08  Baneling x2  
  65  9:09  Zergling x4  
  64  9:21  Zergling x8  
  56  9:34  Roach x4  
  56  9:38  Extractor  
  58  9:55  Roach x2  
  53  10:03  Roach  
  53  10:04  Zergling x2  
  53  10:05  Zergling x6  
  52  10:09  Extractor  
  52  10:11  Roach  
  51  10:16  Roach  
  51  10:27  Roach x2  
  55  10:32  Overlord  
  55  10:36  Roach x2  
  55  10:39  Overlord  

Tags
 
Add a new tag
Caveats
  • Supply blocks, unpowered buildings, or Contaminate may cause inaccurate times.
  • Supply counts are checked every 10 seconds.